 Dungeon Crawl Stone Soup version 0.22-a0-247-gbddf880 (webtiles) character file.

576 M4edhros the Insei (level 7, -2/41 HPs)
             Began as an Octopode Necromancer on Feb 23, 2018.
             Slain by a centaur (9 damage)
             ... on level 5 of the Dungeon.
             The game lasted 00:05:58 (1132 turns).

M4edhros the Insei (Octopode Necromancer)           Turns: 1132, Time: 00:05:59

Health: -2/41      AC:  1    Str:  7    XL:     7   Next: 35%
Magic:  4/10       EV: 13    Int: 17    God:
Gold:   119        SH:  0    Dex: 15    Spells: 5/10 levels left

rFire    . . .     SeeInvis +     - Unarmed
rCold    + . .     Gourm    .   (no shield)
rNeg     . . .     Faith    .   (helmet restricted)
rPois    .         Spirit   .   (no amulet)
rElec    .         Reflect  .   c - ring of see invisible
rCorr    .         Harm     .   g - ring of teleportation (curse)
MR       .....     Rnd*Tele +   j - ring of protection from cold
Stlth    +++.......             (no ring)
HPRegen  0.13/turn              (no ring)
MPRegen  0.12/turn              (no ring)
                                (no ring)
                                (no ring)

@: very slightly contaminated
A: almost no armour, stealthy swim, amphibious, 8 rings, constrict 8, camouflage
1, gelatinous body 1
a: no special abilities


You were on level 5 of the Dungeon.
You were not hungry.

You visited 1 branch of the dungeon, and saw 5 of its levels.

You collected 119 gold pieces.

Inventory:

Missiles
 k - 2 exploding tomahawks (quivered)
Armour
 e - a +0 buckler
Jewellery
 c - a ring of see invisible (left tentacle)
 g - a cursed ring of teleportation (right tentacle)
 j - a ring of protection from cold (on tentacle)
Scrolls
 b - 5 scrolls of identify {unknown}
 n - a scroll of enchant armour {unknown}
 o - a scroll of remove curse {unknown}
Potions
 d - 3 potions of curing
 f - a potion of berserk rage {unknown}
 h - a potion of magic
Comestibles
 a - 8 rations


   Skills:
 - Level 2.0 Dodging
 - Level 3.2 Stealth
 + Level 6.8 Unarmed Combat
 - Level 2.2 Spellcasting
 - Level 4.8 Necromancy


You had 5 spell levels left.
You knew the following spells:

 Your Spells              Type           Power        Failure   Level  Hunger
a - Pain                  Necr           ###.         2%          1    #......
b - Animate Skeleton      Necr           N/A          2%          1    #......
c - Regeneration          Chrm/Necr      ##........   22%         3    ###....


Dungeon Overview and Level Annotations

Branches:
Dungeon (5/15)
 Temple: D:4-7

Altars:
Uskayaw


Innate Abilities, Weirdness & Mutations

You cannot wear most types of armour.
You are very stealthy in the water. (Stealth+)
You are amphibious.
You can wear up to eight rings at the same time.
You can use your tentacles to constrict eight enemies at once.
Your skin changes colour to match your surroundings (Stealth+).
Your rubbery body absorbs attacks. (AC +1, EV +1)


Message History

You barely miss the centaur. You squeeze the centaur.
The centaur is almost dead.
The centaur hits you.
* * * LOW HITPOINT WARNING * * *
You completely miss the centaur.
The centaur is almost dead.
The centaur hits you but does no damage.
The centaur hits you.
* * * LOW HITPOINT WARNING * * *
You barely miss the centaur.
The centaur is severely wounded.
The centaur barely misses you.
You tentacle-slap the centaur.
The centaur is almost dead.
The centaur hits you!
* * * LOW HITPOINT WARNING * * *
You feel better. The centaur hits you.
* * * LOW HITPOINT WARNING * * *
The centaur hits you!
You die...

. ##
######..##.####
#.@c...... ....##
#.####..##.##...##
#.# #.#.....## #.#
#........# #)#
##......... #.#
........(.# #.#
.........## #.#
#.##(..## #.#
#††##


You could see a centaur.

Vanquished Creatures
  Grinder (D:5)
  A sky beast (D:5)
  A centaur (D:5)
  An ogre (D:5)
  A howler monkey (D:5)
  A bullfrog skeleton (D:5)
  A worker ant (D:5)
  An ooze (D:3)
  A dart slug (D:1)
  A leopard gecko (D:1)
  An orc (D:5)
  7 bats
  A giant cockroach (D:3)
  3 goblins
  7 hobgoblins
  5 jackals (D:3)
  A quokka (D:5)
  A ball python (D:1)
  5 frilled lizards
  4 kobolds
  2 rats
47 creatures vanquished.

Vanquished Creatures (collateral kills)
  An adder (D:3)
  An ooze (D:1)
  A hobgoblin (D:1)
  A kobold (D:1)
  A goblin (D:1)
5 creatures vanquished.

Grand Total: 52 creatures vanquished

Notes
Turn   | Place    | Note
-------+----------+-------------------------------------------
     0 | D:1      | M4edhros the Octopode Necromancer began the quest for the Orb.
     0 | D:1      | Reached XP level 1. HP: 11/11 MP: 3/3
    50 | D:1      | Learned a level 1 spell: Animate Skeleton
    68 | D:1      | Reached XP level 2. HP: 15/17 MP: 3/5
   323 | D:1      | Reached XP level 3. HP: 13/21 MP: 2/6
   332 | D:1      | Learned a level 3 spell: Regeneration
   435 | D:2      | Found a hide-covered altar of Uskayaw.
   564 | D:3      | Reached skill level 1 in Unarmed Combat
   659 | D:3      | Reached XP level 4. HP: 23/27 MP: 7/7
   844 | D:5      | Entered Level 5 of the Dungeon
   844 | D:5      | Noticed an ogre
   855 | D:5      | Killed an ogre
   855 | D:5      | Reached skill level 3 in Unarmed Combat
   855 | D:5      | Reached XP level 5. HP: 31/31 MP: 8/8
   856 | D:5      | Noticed a sky beast
   865 | D:5      | Killed a sky beast
   865 | D:5      | Reached skill level 4 in Unarmed Combat
   865 | D:5      | Reached XP level 6. HP: 36/36 MP: 5/9
   887 | D:5      | Reached skill level 5 in Unarmed Combat
   959 | D:5      | Noticed Grinder
  1038 | D:5      | Paralysed by Grinder for 3 turns
  1051 | D:5      | Killed Grinder
  1051 | D:5      | Reached skill level 6 in Unarmed Combat
  1051 | D:5      | Reached XP level 7. HP: 41/41 MP: 10/10
  1131 | D:5      | HP: 1/41 [centaur (8)]
  1132 | D:5      | Slain by a centaur

Vault maps used:
D:1:      dpeg_arrival_refuge, st_stairs_12
D:2:      lemuel_round_altar, chequers_ecumenical_altar_island
D:3:      serial_glass, glass_columns_c, glass_columns_b, glass_columns_b,
          glass_columns_c, glass_columns_b, glass_columns_c, glass_columns_a,
          glass_columns_c, first_ration, uniq_sigmund
D:4:      elyvilon_altar_4, minmay_temple_entry_junction_2
D:5:      uniq_grinder

Skill      XL: |  1  2  3  4  5  6 |
---------------+-------------------+-----
Stealth        | 3 |  3.2
Unarmed Combat | 1 3 4 6 |  6.8
Dodging        | |  2.0
Spellcasting   | |  2.2
Necromancy     | |  4.8

Action                   |  1- 3 |  4- 6 |  7- 9 || total
-------------------------+-------+-------+-------++-------
Melee: Unarmed           |    82 |    37 |    17 ||   136
       Tentacles         |    23 |     5 |     4 ||    32
       Constrict         |    21 |     6 |     1 ||    28
       Punch             |     1 |     2 |     1 ||     4
 Cast: Pain              |    21 |     3 |       ||    24
       Animate Skeleton  |     9 |     2 |       ||    11
       Regeneration      |     3 |     6 |     1 ||    10
  Use: Potion            |     1 |     4 |     1 ||     6
       Scroll            |       |     1 |       ||     1
 Stab: Sleeping          |     5 |     1 |     2 ||     8
  Eat: Chunk             |       |     2 |     1 ||     3
Armor: Skin              |     4 |     6 |     1 ||    11
Dodge: Dodged            |    49 |    13 |    10 ||    72

Table legend:
 A = Spawn XP
 B = Non-spawn XP
 C = Spawn XP percentage of total XP
 D = Spawn monster count
 E = Non-spawn monster count
 F = Spawn count percentage of total count
 G = Total turns spent on level
                    A         B        C        D         E        F      G
               +---------+---------+-------+---------+---------+-------+---------
         Total |       0 |     824 |   0.0 |       0 |      52 |   0.0 |  1132
               +---------+---------+-------+---------+---------+-------+---------
           D:1 |       0 |      46 |   0.0 |       0 |      25 |   0.0 |   430
           D:2 |       0 |       5 |   0.0 |       0 |       3 |   0.0 |    64
           D:3 |       0 |      42 |   0.0 |       0 |      15 |   0.0 |   201
           D:5 |       0 |     731 |   0.0 |       0 |       9 |   0.0 |   288
               +---------+---------+-------+---------+---------+-------+---------
